 Dungeon Crawl Stone Soup version 0.26-a0-639-g72c4674329 (webtiles) character file.

Game seed: 6147285248761190620

19 Flugslaktarn the Skirmisher (level 2, -8/27 HPs)
             Began as a Minotaur Fighter on Sept 22, 2020.
             Killed by divine providence
             ... invoked by an orc priest
              (11 damage)
             ... on level 4 of the Dungeon.
             The game lasted 00:00:17 (248 turns).

Flugslaktarn the Skirmisher (Minotaur Fighter)       Turns: 248, Time: 00:00:17

Health: -8/27      AC:  7    Str: 20    XL:     2   Next: 55%
Magic:  1/1        EV:  7    Int:  5    God:
Gold:   15         SH:  9    Dex:  9    Spells: 1/1 levels left

rFire    . . .     SeeInvis .   a - +0 war axe
rCold    . . .     Faith    .   c - +0 kite shield
rNeg     . . .     Spirit   .   b - +0 scale mail
rPois    .         Reflect  .   (helmet restricted)
rElec    .         Harm     .   (no cloak)
rCorr    .         Rampage  .   (no gloves)
MR       .....                  (no boots)
Stlth    ..........             (no amulet)
HPRegen  0.09/turn              (no ring)
MPRegen  0.07/turn              (no ring)

@: no status effects
A: retaliatory headbutt, horns 2
a: no special abilities


You were on level 4 of the Dungeon.
You visited 1 branch of the dungeon, and saw 4 of its levels.

You collected 15 gold pieces.

Inventory:

Hand Weapons
 a - a +0 war axe (weapon)
Armour
 b - a +0 scale mail (worn)
 c - a +0 kite shield (worn)
Jewellery
 k - an uncursed ring of magical power {unknown}
   (You found it on level 2 of the Dungeon)
Scrolls
 f - a scroll of immolation {unknown}
 g - a scroll of teleportation {unknown}
 h - a scroll of remove curse {unknown}
 i - a scroll of fog {unknown}
Potions
 d - a potion of might
 e - 2 potions of haste {unknown}
 j - a potion of stabbing {unknown}


   Skills:
 * Level 4.0 Fighting
 * Level 3.0 Axes
 + Level 3.8 Armour
 + Level 3.8 Shields


You had one spell level left.
You didn't know any spells.
Your spell library was empty.

Dungeon Overview and Level Annotations

Branches:
Dungeon (4/15)
 Temple: D:4-7

Altars:


Innate Abilities, Weirdness & Mutations

You reflexively headbutt those who attack you in melee.
You have a pair of horns on your head.


Message History

Your Axes skill increases to level 3!
You hit the orc priest. You slash the orc!
You kill the orc!
You barely miss the worker ant.
The orc priest hits you but does no damage.
The worker ant bites you but does no damage.
The orc priest invokes the aid of Beogh against you.
Pain shoots through your body!
The orc priest casts a cantrip, but nothing happens.
You block the worker ant's attack.
You hit the orc priest. You headbutt the orc priest.
The orc priest is almost dead.
You hit the worker ant but do no damage.
The orc priest invokes the aid of Beogh against you.
Beogh smites you!
* * * LOW HITPOINT WARNING * * *
The worker ant closely misses you.
The orc priest invokes the aid of Beogh against you.
Beogh smites you!
You die...

#...##..##...#
+.......##...##
#.....(.......#
#.............#
#......<##....#
#...##..##....#
## #.
#(.#.....#..##
#..+..........
#..#..@.......
#..#.o)a.....>
#..##o.###..##
#..##..# .?#
.... ..# .....
.# .....
......#


You could see a worker ant and 2 orc priests.

Vanquished Creatures
  3 orcs (D:4)
  2 bats (D:2)
  4 goblins
  A ball python (D:3)
  A frilled lizard (D:1)
  3 kobolds (D:2)
  2 rats (D:2)
16 creatures vanquished.

Notes
Turn   | Place    | Note
-------+----------+-------------------------------------------
     0 | D:1      | Flugslaktarn the Minotaur Fighter began the quest for the
                  | Orb.
     0 | D:1      | Reached XP level 1. HP: 19/19 MP: 0/0
   137 | D:2      | Reached XP level 2. HP: 27/27 MP: 1/1
   243 | D:4      | Reached skill level 4 in Fighting
   248 | D:4      | Killed from afar by an orc priest

Illustrated notes

Levels and vault maps discovered:
D:1:      dpeg_arrival_pits, layout_rooms
D:2:      wander_river, layout_basic, chequers_serial_rivers_micro_c,
          uniq_crazy_yiuf_cottage, uniq_natasha
D:3:      layout_rooms, minmay_circle_x, uniq_jessica
D:4:      layout_gridville, nicolae_ossuary_entry_monument, uniq_pikel

Skill      XL: |  1  2 |
---------------+-------+-----
Fighting       | 4 |  4.0
Axes           | 3 |  3.0
Armour         | |  3.8
Shields        | |  3.8

Action                   || total
-------------------------++-------
Melee: War axe           ||    32
       Headbutt          ||     8
Armor: Scale mail        ||    14
Dodge: Dodged            ||    17
Block: Kite shield       ||    19

Table legend: (Time is in decaauts)
 A = Elapsed time spent in this place.
 B = Non-inter-level travel time spent in this place.
 C = Inter-level travel time spent in this place.
 D = Time resting spent in this place.
 E = Time spent auto-exploring this place.
 F = Levels seen in this place.
 G = Mean time per level.
                   A        B        C        D        E       F      G
               +--------+--------+--------+--------+--------+-----+--------+
         Total |    282 |    268 |     14 |      0 |    171 |   4 |   70.5 |
       Dungeon |    282 |    268 |     14 |      0 |    171 |   4 |   70.5 |
               +--------+--------+--------+--------+--------+-----+--------+

Top non-repeatable levels by time:
     D:2: 224 daAuts
     D:1: 31 daAuts
     D:4: 14 daAuts
     D:3: 12 daAuts
